 Dungeon Crawl Stone Soup version 0.31-a0-851-g7ff8af7976 (webtiles) character file.

Game seed: 16156790565935877612

242 Shayle the Trooper (level 5, -7/38 (42) HPs)
             Began as a Demonspawn Reaver on Oct 5, 2023.
             Mangled by Menkaure (20 damage)
             ... on level 4 of the Dungeon.
             The game lasted 00:06:41 (2759 turns).

Shayle the Trooper (Demonspawn Reaver)              Turns: 2759, Time: 00:06:42

HP:   -7/38 (42)    AC:  6    Str: 18    XL:     5   Next: 82%
MP:   0/10          EV: 11    Int: 17    God:
Gold: 185           SH:  0    Dex: 11    Spells: 10/11 levels left

rFire   . . .        g - +4 dagger
rCold   . . .        (no shield)
rNeg    . . .        d - +0 ring mail
rPois   .            (helmet restricted)
rElec   .            m - +0 cloak
rCorr   .            (no gloves)
SInv    .            (no boots)
Will    .....        (no amulet)
Stlth   +            f - +6 ring of strength
HPRegen 0.26/turn    (no ring)
MPRegen 0.24/turn

%: guardian spirit
@: drained
A: horns 1, magic shield, magic regeneration
a: no special abilities


You were on level 4 of the Dungeon.
You visited 1 branch of the dungeon, and saw 4 of its levels.

You collected 185 gold pieces.

Inventory:

Hand Weapons
 a - a +0 spear
 g - a +4 dagger (weapon)
Armour
 b - a +0 leather armour
 d - a +0 ring mail (worn)
 m - a +0 cloak (worn)
Jewellery
 f - a +6 ring of strength (left hand)
 k - a +6 ring of intelligence
Scrolls
 c - a scroll of enchant weapon {unknown}
 e - a scroll of identify {unknown}
 h - a scroll of silence {unknown}
 i - a scroll of enchant armour {unknown}


   Skills:
 + Level 3.9 Fighting
 - Level 2.6 Polearms
 + Level 2.7 Armour
 - Level 1.7 Dodging
 + Level 3.6 Spellcasting
 - Level 3.0 Conjurations


You had 10 spell levels left.
You knew the following spells:

 Your Spells              Type           Power      Damage    Failure   Level
a - Kiss of Death         Conj/Necr      32%        2d7       16%         1

Your spell library contained the following spells:

 Spells                   Type           Power      Damage    Failure   Level
 Momentum Strike          Conj/Tloc      16%        3d8       24%         2
 Slow                     Hex            12%        N/A       28%         1
 Hailstorm                Conj/Ice       8%         3d4       43%         3
 Confusing Touch          Hex            3%         N/A       65%         3
 Sigil of Binding         Hex            3%         N/A       65%         3
 Vampiric Draining        Necr           3%         2d6       65%         3


Dungeon Overview and Level Annotations

Branches:
Dungeon (4/15)
 Temple: D:4-7

Altars:
Nemelex Xobeh

Shops:
D:3 :

Annotations:
D:4 Dowan, Duvessa, Menkaure


Innate Abilities, Weirdness & Mutations

You have a pair of small horns on your head.
When hurt, damage is shared between your health and your magic reserves.
You regenerate magic rapidly.


Message History

The dart slug launches a dart at you.
The slug dart hits you but does no damage.
You see here 8 stones.
The dart slug briefly extends its eye-stalks.
There is a stone staircase leading up here.
Casting: Kiss of Death (safe; 16% risk of failure)
Confirm with . or Enter, or press ? or * to list all spells.
You can't see any susceptible monsters within range! (Use Z to cast anyway.)
Okay, then.
You aren't carrying any items that you can evoke.
Unknown command.
You hit Menkaure. Your headbutt misses Menkaure.
Menkaure is moderately damaged.
You hit Menkaure but do no damage.
Menkaure is moderately damaged.
Menkaure hits you!!
You barely miss Menkaure.
Menkaure is moderately damaged.
Menkaure barely misses you.
You barely miss Menkaure.
Menkaure is moderately damaged.
Menkaure hits you!!
* * * LOW HITPOINT WARNING * * *
You feel much better. Menkaure hits you!!
* * * LOW HITPOINT WARNING * * *
You hit Menkaure.
Menkaure is moderately damaged.
You hit Menkaure.
Menkaure is heavily damaged.
Menkaure hits you.
* * * LOW HITPOINT WARNING * * *
It was a potion of curing.
You feel better. Menkaure hits you.
You hit Menkaure.
Menkaure is severely damaged.
Menkaure hits you but does no damage.
You barely miss Menkaure.
Menkaure is severely damaged.
Menkaure hits you!!
Ouch! That really hurt!
You die...

##.. #./. .....
?.... ......
#.....#
.......#########
.......wJM@....#
.......!######....
......#.# #
.#...##.# ##.# #.#
... ... ### #..
##.


You could see Menkaure, a dart slug and an endoplasm.

Vanquished Creatures
  A centaur (D:3)
  An orc priest (D:3)
  Jessica (D:3)
  5 adders
  3 worms (D:2)
  5 orcs
  3 bats
  3 endoplasms
  2 goblins (D:1)
  5 hobgoblins
  4 jackals (D:2)
  A quokka (D:2)
  3 ball pythons
  2 frilled lizards
  4 kobolds
  7 rats
50 creatures vanquished.

Notes
Turn   | Place    | Note
-------+----------+-------------------------------------------
     0 | D:1      | Shayle the Demonspawn Reaver began the quest for the Orb.
     0 | D:1      | Reached XP level 1. HP: 16/16 MP: 3/3
   256 | D:1      | Gained mutation: You regenerate magic rapidly. [demonic
                  | ancestry]
   256 | D:1      | Reached XP level 2. HP: 11/22 MP: 5/5
   308 | D:1      | You fall into a shaft and drop 1 floor!
   591 | D:1      | Reached skill level 1 in Armour
   935 | D:2      | Gained mutation: You have a pair of small horns on your
                  | head. [demonic ancestry]
   935 | D:2      | Reached XP level 3. HP: 19/28 MP: 6/6
  1003 | D:2      | Found a faded altar of an unknown god.
  1624 | D:3      | Reached XP level 4. HP: 28/35 MP: 8/8
  1809 | D:3      | Noticed Jessica
  1816 | D:3      | Killed Jessica
  1937 | D:3      | Noticed a centaur
  1953 | D:3      | Killed a centaur
  1954 | D:3      | Gained mutation: When hurt, damage is shared between your
                  | health and your magic reserves. [demonic ancestry]
  1954 | D:3      | Reached XP level 5. HP: 7/42 MP: 7/10
  2533 | D:3      | Found Gula Xenu's Book Emporium.
  2632 | D:3      | Found a sparkling altar of Nemelex Xobeh.
  2647 | D:4      | Noticed Duvessa
  2647 | D:4      | Noticed Dowan
  2742 | D:4      | Noticed Menkaure
  2759 | D:4      | Mangled by Menkaure

Illustrated notes

Levels and vault maps discovered:
D:1:      psy_arrival_fountain, layout_rooms
D:2:      layout_loops_ring, basic_ecumenical_altar, kennysheep_nub
D:3:      layout_loops_ring, nemelex_dance_club_becter, serial_shops,
          nicolae_shop_rolling_square, minmay_between, uniq_jessica
D:4:      layout_rooms, guppyfry_early_lair_pool, uniq_eustachio, uniq_natasha,
          uniq_blork_the_orc, uniq_duvessa, uniq_menkaure

Skill      XL: |  1  2  3  4 |
---------------+-------------+-----
Armour         | 1 2 |  2.7
Fighting       | 3 |  3.9
Spellcasting   | 3 |  3.6
Polearms       | |  2.6
Dodging        | |  1.7
Conjurations   | |  3.0

Action                     |  1- 3 |  4- 6 || total
---------------------------+-------+-------++-------
  Melee: Spear             |   136 |    34 ||   170
         Punch             |     1 |       ||     1
         Headbutt          |     8 |     8 ||    16
         Dagger            |       |    40 ||    40
   Cast: Kiss of Death     |       |     3 ||     3
    Use: Potion            |     1 |     3 ||     4
 Armour: Ring mail         |    86 |    63 ||   149
         Leather armour    |     4 |       ||     4
  Dodge: Dodged            |    73 |    42 ||   115

Table legend: (Time is in decaauts)
 A = Elapsed time spent in this place.
 B = Non-inter-level travel time spent in this place.
 C = Inter-level travel time spent in this place.
 D = Time resting spent in this place.
 E = Time spent auto-exploring this place.
 F = Levels seen in this place.
 G = Mean time per level.
                   A        B        C        D        E       F      G
               +--------+--------+--------+--------+--------+-----+--------+
         Total |   2756 |   2545 |    211 |    354 |   1551 |   4 |  689.0 |
       Dungeon |   2756 |   2545 |    211 |    354 |   1551 |   4 |  689.0 |
               +--------+--------+--------+--------+--------+-----+--------+

Top non-repeatable levels by time:
     D:3: 1176 daAuts
     D:2: 962 daAuts
     D:1: 589 daAuts
     D:4: 27 daAuts
